 Dungeon Crawl Stone Soup version 0.31.0-12-g77e489cdc1 (webtiles) character file.

Game seed: 10413937078029453864

1049 Doomgape the Trooper (level 8, -1/52 HPs)
             Began as a Gargoyle Fighter on Feb 21, 2024.
             Slain by an ice beast (13 damage)
             ... on level 6 of the Dungeon.
             The game lasted 00:09:46 (4875 turns).

Doomgape the Trooper (Gargoyle Fighter)             Turns: 4875, Time: 00:09:47

Health: -1/52      AC: 20    Str: 21    XL:     8   Next: 25%
Magic:  8/8        EV:  8    Int: 10    God:
Gold:   354        SH:  4    Dex:  9    Spells: 7/7 levels left

rFire   + . .        m - +1 flail (venom)
rCold   . . .        c - +0 buckler
rNeg    + . .        x - +0 chain mail
rPois   ∞            (no helmet)
rElec   +            (no cloak)
rCorr   .            (no gloves)
SInv    .            (no boots)
Will    .....        l - amulet of the acrobat Stlth
                     n - ring of protection from fire
HPRegen 0.28/turn    q - +4 ring of protection
MPRegen 0.11/turn

%: acrobat
@: no status effects
A: sickness immunity, AC +5, negative energy resistance 1, electricity
resistance, torment resistance 1, petrification resistance
a: no special abilities


You were on level 6 of the Dungeon.
You visited 1 branch of the dungeon, and saw 6 of its levels.

You collected 354 gold pieces.

Inventory:

Hand Weapons
 m - a +1 flail of venom (weapon)
Armour
 c - a +0 buckler (worn)
 x - a +0 chain mail (worn)
Jewellery
 l - an amulet of the acrobat (around neck)
 n - a ring of protection from fire (left hand)
 p - a ring of positive energy
 q - a +4 ring of protection (right hand)
Wands
 s - a wand of light (1)
 t - a wand of flame (32)
Scrolls
 b - a scroll of poison
 f - 3 scrolls of identify
 i - a scroll of noise
 k - a scroll of immolation
 o - 2 scrolls of teleportation
 r - a scroll of amnesia
Potions
 a - a potion of enlightenment {unknown}
 d - a potion of might
 e - a potion of invisibility
 h - a potion of magic {unknown}
 j - 3 potions of curing {unknown}
 u - a potion of heal wounds {unknown}
 v - a potion of brilliance {unknown}
 w - a potion of lignification {unknown}


   Skills:
 + Level 6.8 Fighting
 + Level 5.7 Maces & Flails
 + Level 6.7 Armour
 - Level 3.2 Shields


You had 7 spell levels left.
You didn't know any spells.
Your spell library contained the following spells:

 Spells                   Type           Power      Damage    Failure   Level
 Kiss of Death            Conj/Necr      0%         2d5       96%         1
 Magic Dart               Conj           0%         1d3       96%         1
 Sting                    Conj/Alch      0%         1d3       96%         1
 Mercury Vapours          Alch/Air       0%         N/A       99%         2
 Searing Ray              Conj           0%         2d4       99%         2
 Confusing Touch          Hex            0%         N/A       100%        3
 Dazzling Flash           Conj/Hex       0%         N/A       100%        3
 Inner Flame              Hex/Fire       0%         N/A       100%        3
 Volatile Blastmotes      Fire/Tloc      0%         2d10      100%        3
 Dispel Undead            Necr           0%         3d6       100%        4
 Fulminant Prism          Conj/Alch      0%         3d5       100%        4
 Olgreb's Toxic Radiance  Alch           0%         N/A       100%        4
 Irradiate                Conj/Alch      0%         3d11      100%        5
 Starburst                Conj/Fire      0%         6d3       100%        6
 Ignition                 Fire           0%         3d3       100%        8
 Maxwell's Capacitive Co  Air            0%         ∞         100%        8


Dungeon Overview and Level Annotations

Branches:
Dungeon (6/15)
 Temple: D:4-7

Altars:
Ashenzari
Elyvilon
Ru
Sif Muna

Annotations:
D:5 2 transporters


Innate Abilities, Weirdness & Mutations

You are immune to sickness and miasma.
Your stone body is resilient. (AC +5)
You are immune to poison.
You resist negative energy. (rN+)
You are resistant to electric shocks. (rElec)
You are resistant to unholy torment.
You are immune to petrification.


Message History

You hit the ice beast but do no damage.
The ice beast is moderately wounded.
The ice beast hits you but does no damage.
You hit the ice beast.
The ice beast is moderately wounded.
The ice beast hits you but does no damage.
The ice beast barely misses you.
You hit the ice beast.
The ice beast is moderately wounded.
The ice beast hits you but does no damage.
You hit the ice beast.
The ice beast is heavily wounded.
You block the ice beast's attack.
You barely miss the ice beast.
The ice beast is heavily wounded.
The ice beast hits you but does no damage.
You closely miss the ice beast.
The ice beast is severely wounded.
The ice beast hits you but does no damage.
You hit the ice beast but do no damage.
The ice beast is severely wounded.
The ice beast hits you but does no damage.
You completely miss the ice beast.
The ice beast is severely wounded.
The ice beast hits you. The ice beast freezes you!
* * * LOW HITPOINT WARNING * * *
The ice beast barely misses you.
You closely miss the ice beast.
The ice beast is severely wounded.
You block the ice beast's attack.
You closely miss the ice beast.
The ice beast is severely wounded.
The ice beast closely misses you.
Unknown command.
You closely miss the ice beast.
The ice beast is almost dead.
The ice beast looks more healthy.
The ice beast hits you.
* * * LOW HITPOINT WARNING * * *
The ice beast freezes you!
You die...

#.#
#.#####.##
#........####
.#.#####....#
####.## #..#
##.# #Y#
#.#####@#
#.$.....#
#.####.....#
.......#
...##.##.#
#.#. #.. ..#
# . ..# .# .#
.## # .# .


You could see an ice beast.

Vanquished Creatures
  Prince Ribbit (D:5)
  Edmund (D:4)
  A water moccasin (D:6)
  An ogre (D:5)
  Blork the orc (D:4)
  2 howler monkeys
  2 hounds
  Crazy Yiuf (D:5)
  An orc wizard (D:3)
  An iguana (D:6)
  6 adders
  7 gnolls (D:5)
  A white imp (D:5)
  2 dart slugs
  4 ribbon worms
  4 orcs
  5 endoplasms
  5 giant cockroaches
  14 goblins
  8 hobgoblins
  12 jackals
  3 quokkas
  6 ball pythons
  8 bats
  3 frilled lizards (D:1)
  8 kobolds
  10 rats
118 creatures vanquished.

Notes
Turn   | Place    | Note
-------+----------+-------------------------------------------
     0 | D:1      | Doomgape the Gargoyle Fighter began the quest for the Orb.
     0 | D:1      | Reached XP level 1. HP: 14/14 MP: 1/1
   168 | D:1      | Reached XP level 2. HP: 17/19 MP: 2/2
   409 | D:1      | Reached XP level 3. HP: 24/24 MP: 3/3
   657 | D:1      | Found a faded altar of an unknown god.
  1122 | D:2      | Found a white marble altar of Elyvilon.
  1343 | D:2      | Reached XP level 4. HP: 29/29 MP: 4/4
  2389 | D:3      | Found a shimmering blue altar of Sif Muna.
  2453 | D:3      | Found a sacrificial altar of Ru.
  2458 | D:3      | Reached XP level 5. HP: 29/34 MP: 5/5
  3069 | D:4      | Noticed Edmund
  3084 | D:4      | Killed Edmund
  3085 | D:4      | Reached skill level 5 in Fighting
  3085 | D:4      | Reached skill level 5 in Armour
  3085 | D:4      | Reached XP level 6. HP: 16/40 MP: 6/6
  3227 | D:4      | Noticed Blork the orc
  3241 | D:4      | Killed Blork the orc
  3245 | D:4      | Found a broken altar of Ashenzari.
  3482 | D:4      | Reached XP level 7. HP: 44/44 MP: 7/7
  3606 | D:5      | Entered Level 5 of the Dungeon
  3658 | D:5      | Found a transporter.
  3908 | D:5      | Noticed Prince Ribbit
  3916 | D:5      | Killed Prince Ribbit
  3917 | D:5      | Reached skill level 5 in Maces & Flails
  3998 | D:5      | Found a transporter.
  4172 | D:5      | Reached XP level 8. HP: 52/52 MP: 8/8
  4616 | D:5      | Found a runed translucent door.
  4617 | D:5      | Noticed Crazy Yiuf
  4625 | D:5      | Killed Crazy Yiuf
  4875 | D:6      | Slain by an ice beast

Illustrated notes

Levels and vault maps discovered:
D:1:      minmay_arrival_glassed_features, layout_basic,
          ebering_ecumenical_altar_abandoned, chequers_decorated_corner,
          st_stairs_10
D:2:      kennysheep_the_goblin_king, layout_basic, basic_altar,
          serial_bayou_pond_d
D:3:      minmay_spotlight, layout_loops_ring,
          nicolae_ru_great_annihilating_truth, lemuel_tele_altar, hex_medium
D:4:      layout_rooms, ashenzari_conservatory_becter, uniq_edmund,
          uniq_blork_the_orc
D:5:      gammafunk_wand_slinger, layout_basic, minmay_misc_feat_tower,
          uniq_crazy_yiuf_cottage, uniq_prince_ribbit1
D:6:      layout_basic, bloody_makhleb, serial_shops, nicolae_lakefront_shop,
          nicolae_letterblocks [nicolae_letter_subblock,
          nicolae_letter_subblock, nicolae_letter_subblock,
          nicolae_letter_subblock, nicolae_letter_subblock,
          nicolae_letter_subblock, nicolae_letter_subblock,
          nicolae_letter_subblock, nicolae_letter_subblock,
          nicolae_letter_subblock, nicolae_letter_subblock,
          nicolae_letter_subblock, nicolae_letter_subblock,
          nicolae_letter_subblock, nicolae_letter_subblock,
          nicolae_letter_subblock, nicolae_letter_subblock,
          nicolae_letter_subblock, nicolae_letter_subblock,
          nicolae_letter_subblock, nicolae_letter_subblock,
          nicolae_letter_subblock, nicolae_letter_subblock,
          nicolae_letter_subblock, nicolae_letter_subblock]

Skill      XL: |  1  2  3  4  5  6  7 |
---------------+----------------------+-----
Fighting       | 4 5 6 |  6.8
Armour         | 4 5 6 |  6.7
Maces & Flails | 3 4 5 |  5.7
Shields        | |  3.2

Action                     |  1- 3 |  4- 6 |  7- 9 || total
---------------------------+-------+-------+-------++-------
  Melee: Flail             |   137 |   186 |    90 ||   413
  Evoke: Wand              |       |     2 |     2 ||     4
    Use: Scroll            |     3 |       |     5 ||     8
   Stab: Invisible         |       |     2 |     2 ||     4
 Armour: Scale mail        |    96 |   124 |       ||   220
         Chain mail        |       |     4 |    81 ||    85
  Dodge: Dodged            |    80 |    83 |    58 ||   221
  Block: Buckler           |    29 |    42 |    23 ||    94
